 Dungeon Crawl Stone Soup version 0.29-a0-11-ga75d3d97ab (webtiles) character file.

Game seed: 16323407535103509466

219 bande the Covered (level 5, -5/33 HPs)
             Began as a Gargoyle Fighter on Jan 29, 2022.
             Killed by divine providence
             ... invoked by an orc priest
              (12 damage)
             ... on level 3 of the Dungeon.
             The game lasted 00:05:37 (3766 turns).

bande the Covered (Gargoyle Fighter)                Turns: 3766, Time: 00:05:38

Health: -5/33      AC: 15    Str: 19    XL:     5   Next: 96%
Magic:  5/5        EV:  7    Int:  9    God:
Gold:   55         SH:  4    Dex: 11    Spells: 4/4 levels left

rFire   . . .      SeeInvis .   a - +0 war axe
rCold   . . .      Faith    .   c - +0 buckler
rNeg    + . .      Spirit   .   j - +0 chain mail
rPois   ∞          Reflect  .   (no helmet)
rElec   +          Harm     .   h - +1 cloak
rCorr   .          Rampage  .   (no gloves)
Will    .....                   (no boots)
Stlth   ..........              (no amulet)
HPRegen 0.11/turn               (no ring)
MPRegen 0.09/turn               (no ring)

@: no status effects
A: sickness immunity, AC +4, negative energy resistance 1, electricity
resistance, torment resistance 1, petrification resistance
a: no special abilities


You were on level 3 of the Dungeon.
You visited 1 branch of the dungeon, and saw 3 of its levels.

You collected 55 gold pieces.

Inventory:

Hand Weapons
 a - a +0 war axe (weapon)
 i - the +7 sceptre of Torment {pain, torment}
   (You found it on level 2 of the Dungeon)

   In the hands of one skilled in necromantic magic, it inflicts extra damage on
   living creatures.
   It occasionally torments all nearby living foes when it strikes in combat.
Armour
 c - a +0 buckler (worn)
 h - a +1 cloak (worn)
 j - a +0 chain mail (worn)
Wands
 k - a wand of acid (9)
Scrolls
 b - 2 scrolls of identify
 f - a scroll of magic mapping
 g - a scroll of silence
Potions
 d - a potion of might
 e - 2 potions of berserk rage


   Skills:
 + Level 4.1 Fighting
 + Level 3.9 Axes
 + Level 4.4 Armour
 + Level 3.9 Shields


You had 4 spell levels left.
You didn't know any spells.
Your spell library was empty.

Dungeon Overview and Level Annotations

Branches:
Dungeon (3/15)

Altars:
Elyvilon


Innate Abilities, Weirdness & Mutations

You are immune to sickness and miasma.
Your stone body is resilient. (AC +4)
You are immune to poison.
You resist negative energy. (rN+)
You are resistant to electric shocks. (rElec)
You are resistant to unholy torment.
You are immune to petrification.


Message History

The orc shouts!
An orc priest comes into view. It is wielding a +0 dagger.
The orc priest hits you but does no damage.
You slash the orc priest!
The orc priest is heavily wounded.
The orc priest hits you but does no damage.
You slash the orc!
You kill the orc!
You hit the orc priest.
The orc priest is severely wounded.
The orc priest hits you but does no damage.
You closely miss the orc priest.
The orc priest is severely wounded.
The orc priest barely misses you.
The orc priest mumbles some strange prayers to Beogh against you.
Beogh smites you!
Ouch! That really hurt!
The orc priest hits you but does no damage.
You hit the orc priest.
You kill the orc priest!
You hit the orc.
The orc is heavily wounded.
The orc hits you with a +0 dagger. The orc closely misses you.
The orc completely misses you.
Unknown command.
You completely miss the orc.
The orc is heavily wounded.
The orc barely misses you. The orc closely misses you.
You closely miss the orc.
The orc is heavily wounded.
The orc hits you from afar with a +0 trident.
* * * LOW HITPOINT WARNING * * *
The orc hits you but does no damage.
You completely miss the orc.
The orc is heavily wounded.
The orc closely misses you. The orc hits you with a +0 dagger.
* * * LOW HITPOINT WARNING * * *
The orc priest invokes the aid of Beogh against you.
Beogh smites you!
You die...

#.
#.###############>
#.#............##.
#.#.##########.##.
#.#.#........#.##.
#o#.#.######.#.##.
#o#.#......#.#.##.
#o#.########.#.##.
#@#......[...#.##.
#.############.##.
#..............##.
########
#######..########.
#......#
#...........
#......# ###
###...####....
#......# #...
#.............
#......#
#.#.###.#.######....
#......#
#.#...#.#..........#


You could see an orc priest and 2 orcs.

Vanquished Creatures
  An orc priest (D:3)
  Crazy Yiuf (D:2)
  A centaur skeleton (D:2)
  Natasha (twice) (D:2)
  2 adders
  3 worms (D:2)
  4 dart slugs
  An orc (D:3)
  4 bats
  7 endoplasms
  A giant cockroach (D:3)
  3 goblins
  4 hobgoblins (D:2)
  2 jackals (D:1)
  2 quokkas
  6 ball pythons
  3 frilled lizards (D:2)
  5 kobolds
  3 rats
55 creatures vanquished.

Notes
Turn   | Place    | Note
-------+----------+-------------------------------------------
     0 | D:1      | bande the Gargoyle Fighter began the quest for the Orb.
     0 | D:1      | Reached XP level 1. HP: 14/14 MP: 1/1
   235 | D:1      | Found a faded altar of an unknown god.
   798 | D:1      | Reached XP level 2. HP: 9/19 MP: 2/2
  1638 | D:2      | Reached XP level 3. HP: 14/24 MP: 3/3
  2065 | D:2      | Found a runed translucent door.
  2065 | D:2      | Found the +7 sceptre of Torment {pain, torment}
  2066 | D:2      | Noticed Crazy Yiuf
  2201 | D:2      | Found a white marble altar of Elyvilon.
  2401 | D:2      | Noticed Natasha
  2411 | D:2      | Killed Natasha
  2412 | D:2      | Reached XP level 4. HP: 24/29 MP: 4/4
  2511 | D:2      | Noticed Natasha
  2519 | D:2      | Killed Natasha
  2849 | D:2      | Reached XP level 5. HP: 24/33 MP: 5/5
  3298 | D:2      | Killed Crazy Yiuf
  3766 | D:3      | Killed from afar by an orc priest

Illustrated notes

Levels and vault maps discovered:
D:1:      minmay_arrival_widening_spiral_wide, layout_loops_corners,
          shapermc_ecumenical_altar_mp_ritualfount
D:2:      layout_basic, basic_altar, minmay_cupped, uniq_natasha,
          uniq_crazy_yiuf_cottage
D:3:      layout_basic, serial_shops, nicolae_lakefront_shop

Skill      XL: |  1  2  3  4 |
---------------+-------------+-----
Axes           | 2 3 |  3.9
Armour         | 4 |  4.4
Fighting       | 4 |  4.1
Shields        | |  3.9

Action                   |  1- 3 |  4- 6 || total
-------------------------+-------+-------++-------
Melee: War axe           |    78 |    77 ||   155
  Use: Scroll            |     5 |     3 ||     8
Armor: Scale mail        |    25 |       ||    25
       Chain mail        |    19 |    62 ||    81
Dodge: Dodged            |    25 |    36 ||    61
Block: Buckler           |    17 |    17 ||    34

Table legend: (Time is in decaauts)
 A = Elapsed time spent in this place.
 B = Non-inter-level travel time spent in this place.
 C = Inter-level travel time spent in this place.
 D = Time resting spent in this place.
 E = Time spent auto-exploring this place.
 F = Levels seen in this place.
 G = Mean time per level.
                   A        B        C        D        E       F      G
               +--------+--------+--------+--------+--------+-----+--------+
         Total |   3828 |   3817 |     11 |   1474 |   1872 |   3 | 1276.0 |
       Dungeon |   3828 |   3817 |     11 |   1474 |   1872 |   3 | 1276.0 |
               +--------+--------+--------+--------+--------+-----+--------+

Top non-repeatable levels by time:
     D:2: 1848 daAuts
     D:1: 1624 daAuts
     D:3: 355 daAuts
